 Dungeon Crawl Stone Soup version 0.18-a0-1670-gb40d73e (webtiles) character file.

24 inmateoo the Caller (level 2, -4/23 HPs)
             Began as a Demonspawn Summoner on Apr 1, 2016.
             Slain by Sigmund
             ... wielding a +0 scythe
              (6 damage)
             ... on level 2 of the Dungeon.
             The game lasted 00:03:11 (1296 turns).

inmateoo the Caller (Demonspawn Summoner)           Turns: 1296, Time: 00:03:12

Health: -4/23      AC:  8    Str: 13    XL:     2   Next: 79%
Magic:  5/5        EV:  6    Int: 16    God:
Gold:   52         SH:  0    Dex: 13    Spells: 2 memorised, 2 levels left

rFire  . . .     SeeInvis .     e - -2 spear
rCold  . . .     Gourm    .     m - +0 chain mail
rNeg   . . .     Faith    .     (no shield)
rPois  .         Spirit   .     (no helmet)
rElec  .         Dismiss  .     (no cloak)
rCorr  .         Reflect  .     (no gloves)
SustAt .         Harm     .     (no boots)
MR     .....                    (no amulet)
Stlth  ..........               (no ring)
                                (no ring)

@: mighty, not resistant to hostile enchantments, extremely unstealthy
A: powered by death 1, robust 1
a: no special abilities


You were on level 2 of the Dungeon.
You were not hungry.

You visited 1 branch of the dungeon, and saw 2 of its levels.

You collected 52 gold pieces.

Inventory:

Hand Weapons
 e - a -2 spear (weapon)
 g - a +1 spear
Armour
 a - a +0 robe
 m - a +0 chain mail (worn)
Scrolls
 i - a scroll of magic mapping
Potions
 f - a potion of cure mutation {unknown}
 h - a potion of might
 j - a potion of lignification {unknown}
Books
 b - a book of Callings

   Spells                             Type                      Level
   a - Summon Small Mammal            Summoning                    1
   b - Call Imp                       Summoning                    2
   c - Call Canine Familiar           Summoning                    3
   d - Summon Guardian Golem          Hexes/Summoning              3
   e - Summon Lightning Spire         Summoning/Air                4
   f - Summon Ice Beast               Ice/Summoning                4
Comestibles
 c - 3 bread rations
 l - a slice of pizza
 n - 3 chunks of flesh


   Skills:
 + Level 1.2 Fighting
 + Level 2.1 Dodging
 + Level 2.2 Stealth
 - Level 2.0 Spellcasting
 - Level 4.1 Summonings


You had 2 spell levels left.
You knew the following spells:

 Your Spells              Type           Power        Failure   Level  Hunger
a - Summon Small Mammal   Summ           ##..         97%         1    #......
b - Call Imp              Summ           ##......     99%         2    ###....


Dungeon Overview and Level Annotations

Branches:
Dungeon (2/15)

Altars:

Annotations:
D:2 Sigmund, Terence


Innate Abilities, Weirdness & Mutations

You regenerate a little health from kills.
You are robust (+10% HP).


Message History

k - a scroll labeled VEABBOMPOF The bat hits you but does no damage. x2; The goblin barely misses you.
Read which item? (? for menu, Esc to quit)
As you read the scroll labeled VEABBOMPOF, it crumbles to dust.
The scroll dissolves into smoke.
It was a scroll of fog.
The bat hits you but does no damage.
Sigmund drinks a potion.
Sigmund seems to grow stronger.
The goblin hits you but does no damage.
Drink which item? (? for menu, Esc to quit)
You feel very mighty all of a sudden. The bat barely misses you.
The bat hits you but does no damage. Sigmund casts a spell at you.
The magic dart hits you!
* * * LOW HITPOINT WARNING * * *
The goblin hits you but does no damage.
Drink which item? (? for menu, Esc to quit)
It was a potion of beneficial mutation.
You feel robust.
You feel fantastic! The bat hits you but does no damage. x2
Sigmund hits you with a scythe.
You die...

...
#>##.#.#..####w.#....
.. ..
#.#..÷####........ #
... ..##..#
#@........
#....####..#
#....#.#.. ##
###..###..###....
#####hw$......# ###
#..§hh#..###.##
#.##gb@h.r##.#
#.§@@####.#..#
.....#### .#.## ....
... ... ..# . r.. ..


You could see Sigmund, Terence, 2 jackals, a goblin and a bat.

Vanquished Creatures
  A dart slug (D:1)
  A ball python (D:2)
  3 hobgoblins (D:1)
  A kobold (D:1)
  4 bats
  2 rats (D:1)
12 creatures vanquished.

Vanquished Creatures (collateral kills)
  2 dart slugs (D:1)
  A giant gecko (D:1)
  A ball python (D:1)
  A giant cockroach (D:1)
  2 goblins (D:1)
  A hobgoblin (D:1)
  A kobold (D:1)
9 creatures vanquished.

Grand Total: 21 creatures vanquished

Notes
Turn   | Place    | Note
--------------------------------------------------------------
     0 | D:1      | inmateoo the Demonspawn Summoner began the quest for the Orb.
     0 | D:1      | Reached XP level 1. HP: 13/13 MP: 3/3
   467 | D:1      | Reached skill level 1 in Fighting
   484 | D:1      | Gained mutation: You regenerate a little health from kills. [demonic ancestry]
   484 | D:1      | Reached XP level 2. HP: 12/21 MP: 1/5
   592 | D:1      | Learned a level 2 spell: Call Imp
   673 | D:1      | HP: 1/21 [hobgoblin/club (4)]
  1262 | D:2      | Noticed Terence
  1286 | D:2      | Noticed Sigmund
  1296 | D:2      | Gained mutation: You are robust (+10% HP). [potion of beneficial mutation]
  1296 | D:2      | Slain by Sigmund

Vault maps used:
D:1:      lightli_arrival_statuegarden, minivault_14
D:2:      nicolae_overflow_crystal_walls, nicolae_overflow_hidden_temple,
          ashenzari_conservatory_becter, uniq_terence, uniq_natasha,
          uniq_crazy_yiuf_cottage, uniq_sigmund

Skill      XL: |  1  2 |
---------------+-------+-----
Fighting       | 1 |  1.2
Dodging        | 2 |  2.1
Stealth        | 2 |  2.2
Spellcasting   | |  2.0
Summonings     | |  4.1

Action                   || total
-------------------------++-------
Melee: Spear             ||   121
       Unarmed           ||     9
 Cast: Summon Small Mamm ||     9
       Call Imp          ||     2
  Use: Scroll            ||     7
       Potion            ||     2
 Stab: Sleeping          ||     3
  Eat: Chunk             ||     2
